Canucks vs Flames

Created - May 3, 2021 at 21:58

Goals
1 2 3 T
Canucks 0 2 1 3
Flames 0 1 0 1
Shots
1 2 3 T
Canucks 9 20 3 32
Flames 14 14 3 31

1st period

No Goal

Penalties :
Mike Komisarek (Van) for Interference (Minor) at 18:42

2nd period

1. Flames , David Backes 25 (Eric Staal 65, Derek Meech 16) at 9:37
2. Canucks , Daniel Sedin 11 (Robert Nilsson 59) at 10:35
3. Canucks , Daniel Sedin 12 (Robert Nilsson 60, Loui Eriksson 33) at 15:48

Penalties :
Jimmy Hayes (Cal) for Hooking (Minor) at 3:37, Robert Nilsson (Van) for Roughing (Minor) at 19:59

3rd period

4. Canucks , Loui Eriksson 28 (Robert Nilsson 61, Ladislav Smid 21) at 11:35 (PP)

Penalties :
Erik Johnson (Cal) for Roughing (Minor) at 6:36, Alexander Radulov (Cal) for High sticking (Minor) at 11:24, James Wright (Van) for Interference (Minor) at 13:44

Goalie Stats

Kari Lehtonen (Van), 30 saves from 31 shots - (0.968), W, 29-21-2, 60:00 minutes
Henrik Lundqvist (Cal), 29 saves from 32 shots - (0.906), L, 35-18-9, 60:00 minutes

Players Stats for Canucks

Player Name              G  A  P  +/- PIM S  H  SB GA TA FO     MP     PP MP  PK MP  
------------------------------------------------------------------------------------
Andy Rogers              0  0  0   0  0   0  2  0  0  1  0/0    19:20   1:29   1:45 
Brad Boyes               0  0  0   0  0   0  2  0  1  1  0/1    13:27   0:00   0:00 
Brooks Laich             0  0  0   0  0   0  0  0  0  0  1/3     7:49   0:00   1:33 
Daniel Sedin             2  0  2   1  0   4  2  0  0  1  3/3    19:36   2:31   2:06 
James Wright             0  0  0   0  2   1  1  0  1  1  4/9    13:52   0:00   0:54 
Jason Akeson             0  0  0   0  0   2  2  0  0  0  0/0     6:23   0:00   0:00 
Jeremy Morin             0  0  0   0  0   5  1  0  0  0  1/1    18:19   1:38   0:17 
Jonathan Blum            0  0  0   0  0   0  1  3  0  0  0/0    14:07   0:00   0:00 
Jordin Tootoo            0  0  0   0  0   3  2  1  1  0  0/0    19:07   1:38   0:45 
Kurtis Foster            0  0  0   0  0   1  1  1  0  0  0/0    19:08   1:29   1:45 
Ladislav Smid            0  1  1   1  0   2  0  1  0  1  0/0    23:05   2:40   4:12 
Loui Eriksson            1  1  2   1  0   2  1  2  6  1  0/1    20:18   2:31   3:34 
Mike Komisarek           0  0  0   0  2   1  1  0  0  0  0/0    14:29   0:00   0:00 
Olli Maatta              0  0  0   0  0   0  0  0  0  0  0/0     3:40   0:00   0:00 
Rob Schremp              0  0  0   0  0   2  2  1  3  0  3/9    18:24   1:38   0:20 
Robert Nilsson           0  3  3   1  2   6  3  1  2  0  19/28  23:57   2:31   2:25 
Ryane Clowe              0  0  0   0  0   1  1  0  0  0  0/0    12:26   0:00   0:00 
Steve Eminger            0  0  0   1  0   2  2  1  0  0  0/0    26:33   2:40   4:12 

Players Stats for Flames

Player Name              G  A  P  +/- PIM S  H  SB GA TA FO     MP     PP MP  PK MP  
------------------------------------------------------------------------------------
Alexander Radulov        0  0  0   0  2   4  3  2  0  1  0/0    17:00   3:07   0:00 
Alexander Semin          0  0  0  -1  0   2  0  0  0  1  2/2    19:40   3:26   0:00 
Anders Lee               0  0  0   0  0   1  0  0  0  0  3/4     5:55   0:00   0:00 
Brad Marchand            0  0  0   0  0   1  1  0  1  4  0/1    19:04   2:22   2:09 
Brendan Mikkelson        0  0  0   0  0   0  2  1  0  0  0/0    13:43   0:30   0:44 
Christian Folin          0  0  0   0  0   1  0  0  0  0  0/0    13:34   0:30   0:35 
Colby Robak              0  0  0   1  0   0  1  0  0  3  0/0    21:57   2:11   2:07 
Colin Wilson             0  0  0   0  0   2  1  0  0  0  4/14   18:21   2:22   2:09 
David Backes             1  0  1  -1  0   3  2  0  1  1  0/0    17:29   0:15   2:00 
David Ullstrom           0  0  0   0  0   1  2  0  1  1  1/2    12:31   0:28   0:00 
Derek Meech              0  1  1   1  0   0  0  3  1  0  0/0    21:57   2:11   2:07 
Eric Staal               0  1  1  -1  0   6  0  0  0  0  10/25  18:38   3:20   0:05 
Erik Johnson             0  0  0  -2  2   0  0  3  0  1  0/0    23:51   3:16   0:43 
Jimmy Hayes              0  0  0   0  2   2  3  1  0  0  0/0    13:03   2:22   0:00 
Kyle Palmieri            0  0  0   0  0   1  1  0  0  1  0/0    10:04   0:00   0:00 
Sami Vatanen             0  0  0  -2  0   3  1  1  1  0  0/0    25:04   3:16   2:02 
Steve Regier             0  0  0   0  0   2  1  0  0  1  1/1    12:12   0:09   0:00 
Vladimir Sobotka         0  0  0   0  0   2  0  0  1  0  3/6    11:45   0:00   1:55 

3 Stars

1 - Daniel Sedin (Van)
2 - Kari Lehtonen (Van)
3 - Loui Eriksson (Van)

Power Play

Canucks - 1 on 3 Attempt(s) - 33.33%
Flames - 0 on 3 Attempt(s) - 0.00%

Penalty Kill

Canucks - 3 on 3 Attempt(s) - 100.00% - Score 0 goal in Penalty Kill
Flames - 2 on 3 Attempt(s) - 66.67% - Score 0 goal in Penalty Kill

Team Stat

Canucks - Hits : 24 - Faceoff Wins : 31 - Blocked Shots : 11 - Penalty Minutes : 6
Flames - Hits : 18 - Faceoff Wins : 24 - Blocked Shots : 11 - Penalty Minutes : 6

Official

Referees : Unknown
Linesman : Unknown

Game Notes

Anders Lee is injured at 10:33 of 2nd period (Strained Left Knee)

Finance

Level 1 -- Attendance: 4968 (82.80%) -- Ticket Income $551,448
Level 2 -- Attendance: 3718 (74.36%) -- Ticket Income $263,978
Level 3 -- Attendance: 1592 (79.60%) -- Ticket Income $73,232
Level 4 -- Attendance: 3021 (75.53%) -- Ticket Income $93,651
Luxury Box -- Attendance: 730 (73.00%) -- Ticket Income $143,080
Game was played at the Metal Center.
Total Attendance: 14029 (77.94%)
Total Ticket Income: $1,125,389
Other Income: $168,808
Total Income: $1,294,197

Canucks

5 vs 5 Forward 
   Center                   Left Wing                Right Wing               Time % Phy DF OF 
 1 Robert Nilsson           Daniel Sedin             Loui Eriksson            40     1   2  2  
 2 Rob Schremp              Jeremy Morin             Jordin Tootoo            30     1   2  2  
 3 James Wright             Ryane Clowe              Brad Boyes               20     1   2  2  
 4 Brooks Laich             Robert Nilsson           Jason Akeson             10     1   2  2  

5 vs 5 Defense 
   Defense                  Defense                                           Time % Phy DF OF 
 1 Steve Eminger            Ladislav Smid                                     40     1   2  2  
 2 Andy Rogers              Kurtis Foster                                     30     1   2  2  
 3 Mike Komisarek           Jonathan Blum                                     20     1   2  2  
 4 Olli Maatta              Steve Eminger                                     10     1   2  2  

PowerPlay Forward 
   Center                   Left Wing                Right Wing               Time % Phy DF OF 
 1 Robert Nilsson           Daniel Sedin             Loui Eriksson            60     1   2  2  
 2 Rob Schremp              Jeremy Morin             Jordin Tootoo            40     1   2  2  

PowerPlay Defense
   Defense                  Defense                                           Time % Phy DF OF 
 1 Steve Eminger            Ladislav Smid                                     60     1   2  2  
 2 Andy Rogers              Kurtis Foster                                     40     1   2  2  

Penalty Kill 4 Players Forward 
   Center                   Wing                     Time % Phy DF OF 
 1 Robert Nilsson           Loui Eriksson            60     1   2  2  
 2 Jordin Tootoo            Daniel Sedin             40     1   2  2  

Penalty Kill 4 Players Defense
   Defense                  Defense                  Time % Phy DF OF 
 1 Steve Eminger            Ladislav Smid            60     1   2  2  
 2 Andy Rogers              Kurtis Foster            40     1   2  2  

Penalty Kill - 3 Players Forward 
   Forward                                           Time % Phy DF OF 
 1 Robert Nilsson                                    60     1   2  2  
 2 Loui Eriksson                                     40     1   2  2  

Penalty Kill - 3 Players Defense
   Defense                  Defense                  Time % Phy DF OF 
 1 Steve Eminger            Ladislav Smid            60     1   2  2  
 2 Andy Rogers              Kurtis Foster            40     1   2  2  

4 vs 4 Forward 
   Center                   Wing                     Time % Phy DF OF 
 1 Robert Nilsson           Loui Eriksson            60     1   2  2  
 2 Jordin Tootoo            Daniel Sedin             40     1   2  2  

4 vs 4 Defense
   Defense                  Defense                  Time % Phy DF OF 
 1 Steve Eminger            Ladislav Smid            60     1   2  2  
 2 Andy Rogers              Kurtis Foster            40     1   2  2  

Last Minutes Offensive
   Center                   Left Wing                Right Wing               Defense                  Defense                  
   Robert Nilsson           Daniel Sedin             Loui Eriksson            Steve Eminger            Ladislav Smid            

Last Minutes Defensive
   Center                   Left Wing                Right Wing               Defense                  Defense                  
   Robert Nilsson           Daniel Sedin             Loui Eriksson            Steve Eminger            Ladislav Smid            

Goaltenders
Starting : Kari Lehtonen            
Backup : Braden Holtby            

Extra Forwards
Normal : Brad Boyes, Jason Akeson, James Wright - PP : Brad Boyes, Jason Akeson - PK : James Wright
Extra Defensemen
Normal : Mike Komisarek, Jonathan Blum, Olli Maatta - PP : Mike Komisarek - PK : Jonathan Blum, Olli Maatta
Penalty Shots
Robert Nilsson, Loui Eriksson, Jordin Tootoo, Daniel Sedin, Brad Boyes

Scratches
Cody Eakin (Bruised Right Shoulder Injury), Lane MacDermid (Healthy), Benn Ferriero (Healthy)

Flames

5 vs 5 Forward 
   Center                   Left Wing                Right Wing               Time % Phy DF OF 
 1 Eric Staal               Alexander Semin          David Backes             40     1   2  2  
 2 Colin Wilson             Brad Marchand            Alexander Radulov        33     1   2  2  
 3 Anders Lee               Steve Regier             Jimmy Hayes              19     1   2  2  
 4 Vladimir Sobotka         David Ullstrom           Kyle Palmieri            8      1   2  2  

5 vs 5 Defense 
   Defense                  Defense                                           Time % Phy DF OF 
 1 Erik Johnson             Sami Vatanen                                      38     1   2  2  
 2 Derek Meech              Colby Robak                                       29     2   2  1  
 3 Christian Folin          Brendan Mikkelson                                 23     2   2  1  
 4 Derek Meech              Colby Robak                                       10     2   2  1  

PowerPlay Forward 
   Center                   Left Wing                Right Wing               Time % Phy DF OF 
 1 Eric Staal               Alexander Semin          Alexander Radulov        60     1   2  2  
 2 Colin Wilson             Brad Marchand            Jimmy Hayes              40     1   2  2  

PowerPlay Defense
   Defense                  Defense                                           Time % Phy DF OF 
 1 Erik Johnson             Sami Vatanen                                      60     1   2  2  
 2 Derek Meech              Colby Robak                                       40     1   2  2  

Penalty Kill 4 Players Forward 
   Center                   Wing                     Time % Phy DF OF 
 1 Vladimir Sobotka         David Backes             50     1   3  1  
 2 Colin Wilson             Brad Marchand            50     1   3  1  

Penalty Kill 4 Players Defense
   Defense                  Defense                  Time % Phy DF OF 
 1 Erik Johnson             Sami Vatanen             58     1   3  1  
 2 Derek Meech              Colby Robak              42     1   3  1  

Penalty Kill - 3 Players Forward 
   Forward                                           Time % Phy DF OF 
 1 Eric Staal                                        50     1   4  0  
 2 Brad Marchand                                     50     1   4  0  

Penalty Kill - 3 Players Defense
   Defense                  Defense                  Time % Phy DF OF 
 1 Erik Johnson             Sami Vatanen             58     1   4  0  
 2 Derek Meech              Colby Robak              42     1   4  0  

4 vs 4 Forward 
   Center                   Wing                     Time % Phy DF OF 
 1 Eric Staal               Alexander Semin          60     2   2  1  
 2 Colin Wilson             David Backes             40     2   2  1  

4 vs 4 Defense
   Defense                  Defense                  Time % Phy DF OF 
 1 Erik Johnson             Sami Vatanen             60     2   2  1  
 2 Derek Meech              Colby Robak              40     2   2  1  

Last Minutes Offensive
   Center                   Left Wing                Right Wing               Defense                  Defense                  
   Eric Staal               Alexander Semin          David Backes             Erik Johnson             Sami Vatanen             

Last Minutes Defensive
   Center                   Left Wing                Right Wing               Defense                  Defense                  
   Eric Staal               Alexander Semin          David Backes             Erik Johnson             Sami Vatanen             

Goaltenders
Starting : Henrik Lundqvist         
Backup : Christopher Gibson       

Extra Forwards
Normal : Brad Marchand, Alexander Semin, David Ullstrom - PP : David Ullstrom, Colin Wilson - PK : Brad Marchand
Extra Defensemen
Normal : Sami Vatanen, Derek Meech, Colby Robak - PP : Derek Meech - PK : Brendan Mikkelson, Christian Folin
Penalty Shots
Eric Staal, Alexander Semin, David Backes, Brad Marchand, Colin Wilson

Scratches
Patrik Berglund (Sprained Left Ankle Injury)

% Time on Ice - Canucks

Lines # - Real PCT - Wanted PCT - Time Play
Normal Forward
1 - 30% - 40% - 14:58
2 - 34% - 30% - 16:44
3 - 25% - 20% - 12:26
4 - 12% - 10% - 5:46
Normal Defense
1 - 32% - 40% - 16:13
2 - 32% - 30% - 15:54
3 - 28% - 20% - 14:07
4 - 7% - 10% - 3:40
PP Forward
1 - 61% - 60% - 2:31
2 - 39% - 40% - 1:38
PP Defense
1 - 64% - 60% - 2:40
2 - 36% - 40% - 1:29
PK Forward
1 - 87% - 60% - 5:12
2 - 13% - 40% - 0:45
PK Defense
1 - 71% - 60% - 4:12
2 - 29% - 40% - 1:45
PK3 Forward
1 - 0% - 60%
2 - 0% - 40%
PK3 Defense
1 - 0% - 60%
2 - 0% - 40%
44 Forward
1 - 0% - 60%
2 - 0% - 40%
44 Defense
1 - 0% - 60%
2 - 0% - 40%
Last Minute Offensive  - 0:00
Last Minute Defensive  - 0:00
Total
Forward - 60:00
Defense - 60:00

% Time on Ice - Flames

Lines # - Real PCT - Wanted PCT - Time Play
Normal Forward
1 - 29% - 40% - 14:39
2 - 29% - 33% - 14:39
3 - 22% - 19% - 11:03
4 - 19% - 8% - 9:33
Normal Defense
1 - 40% - 38% - 19:46
2 - 29% - 29% - 14:24
3 - 25% - 23% - 12:29
4 - 7% - 10% - 3:15
PP Forward
1 - 60% - 60% - 3:35
2 - 40% - 40% - 2:22
PP Defense
1 - 63% - 60% - 3:46
2 - 37% - 40% - 2:11
PK Forward
1 - 48% - 50% - 2:00
2 - 52% - 50% - 2:09
PK Defense
1 - 49% - 58% - 2:02
2 - 51% - 42% - 2:07
PK3 Forward
1 - 0% - 50%
2 - 0% - 50%
PK3 Defense
1 - 0% - 58%
2 - 0% - 42%
44 Forward
1 - 0% - 60%
2 - 0% - 40%
44 Defense
1 - 0% - 60%
2 - 0% - 40%
Last Minute Offensive  - 0:00
Last Minute Defensive  - 0:00
Total
Forward - 60:00
Defense - 60:00

Play-by-Play

1st period


0:01 of 1st period - Daniel Sedin wins face-off versus Eric Staal in neutral zone.
0:14 of 1st period - Backhand shot by Robert Nilsson.
0:14 of 1st period - Stopped by Henrik Lundqvist with a rebound.
0:16 of 1st period - Slapshot by Ladislav Smid.
0:16 of 1st period - Stopped by Henrik Lundqvist with a rebound.
0:26 of 1st period - Steve Eminger is hit by Alexander Radulov and loses puck.
0:55 of 1st period - Wrist shot by Brad Boyes.
0:55 of 1st period - Shot Blocked by Erik Johnson.
0:57 of 1st period - Slapshot by Andy Rogers.
0:57 of 1st period - Shot Misses the Net.
0:59 of 1st period - Slapshot by Andy Rogers.
0:59 of 1st period - Shot Blocked by Erik Johnson.
1:21 of 1st period - Snap shot by Anders Lee.
1:21 of 1st period - Shot Misses the Net.
1:23 of 1st period - Backhand shot by Steve Regier.
1:23 of 1st period - Shot Misses the Net.
1:25 of 1st period - Slapshot by Erik Johnson.
1:25 of 1st period - Shot Blocked by Jonathan Blum.
1:27 of 1st period - Snap shot by Jimmy Hayes.
1:27 of 1st period - Stopped by Kari Lehtonen without a rebound.
1:28 of 1st period - Jeremy Morin wins face-off versus Eric Staal in Canucks zone.
2:15 of 1st period - Snap shot by Jordin Tootoo.
2:15 of 1st period - Shot Blocked by Derek Meech.
3:41 of 1st period - Snap shot by Kyle Palmieri.
3:41 of 1st period - Shot Misses the Net.
3:59 of 1st period - Wrist shot by Jordin Tootoo.
3:59 of 1st period - Shot Misses the Net.
4:01 of 1st period - Slapshot by Ladislav Smid.
4:01 of 1st period - Shot Misses the Net.
4:03 of 1st period - Slapshot by Steve Eminger.
4:03 of 1st period - Stopped by Henrik Lundqvist without a rebound.
4:04 of 1st period - Robert Nilsson wins face-off versus Eric Staal in Flames zone.
4:57 of 1st period - Snap shot by Robert Nilsson.
4:57 of 1st period - Shot Misses the Net.
5:19 of 1st period - Wrist shot by Loui Eriksson.
5:19 of 1st period - Stopped by Henrik Lundqvist without a rebound.
5:20 of 1st period - Robert Nilsson wins face-off versus Colin Wilson in Flames zone.
5:21 of 1st period - Slapshot by Loui Eriksson.
5:21 of 1st period - Deflect By Brad Marchand.
5:21 of 1st period - Shot Misses the Net.
5:21 of 1st period - Puck is out of play.
5:22 of 1st period - Robert Nilsson wins face-off versus Brad Marchand in Flames zone.
5:36 of 1st period - Off-side.
5:37 of 1st period - James Wright wins face-off versus Eric Staal in neutral zone.
5:42 of 1st period - Snap shot by Ryane Clowe.
5:42 of 1st period - Shot Misses the Net.
6:04 of 1st period - Colin Wilson is hit by Jason Akeson and loses puck.
6:28 of 1st period - Andy Rogers is hit by Jimmy Hayes and loses puck.
7:03 of 1st period - Slapshot by Sami Vatanen.
7:03 of 1st period - Shot Blocked by Jonathan Blum.
7:05 of 1st period - Wrist shot by Brad Marchand.
7:05 of 1st period - Shot Blocked by Loui Eriksson.
7:17 of 1st period - Snap shot by David Ullstrom.
7:17 of 1st period - Stopped by Kari Lehtonen without a rebound.
7:18 of 1st period - Vladimir Sobotka wins face-off versus Brooks Laich in Canucks zone.
8:42 of 1st period - Snap shot by Anders Lee.
8:42 of 1st period - Deflect By Jimmy Hayes.
8:42 of 1st period - Deflect By Ryane Clowe.
8:42 of 1st period - Shot Misses the Net.
8:42 of 1st period - Puck is out of play.
8:43 of 1st period - Steve Regier wins face-off versus James Wright in Canucks zone.
8:48 of 1st period - Slapshot by Jimmy Hayes.
8:48 of 1st period - Shot Misses the Net.
8:50 of 1st period - Snap shot by Sami Vatanen.
8:50 of 1st period - Deflect By Olli Maatta.
8:50 of 1st period - Stopped by Kari Lehtonen without a rebound.
8:51 of 1st period - Anders Lee wins face-off versus James Wright in Canucks zone.
9:02 of 1st period - Slapshot by Ryane Clowe.
9:02 of 1st period - Stopped by Henrik Lundqvist with a rebound.
9:04 of 1st period - Snap shot by Brad Boyes.
9:04 of 1st period - Shot Misses the Net.
9:06 of 1st period - Slapshot by Olli Maatta.
9:06 of 1st period - Shot Blocked by Erik Johnson.
9:38 of 1st period - Snap shot by Jordin Tootoo.
9:38 of 1st period - Stopped by Henrik Lundqvist with a rebound.
9:44 of 1st period - Snap shot by Eric Staal.
9:44 of 1st period - Shot Misses the Net.
9:46 of 1st period - Slapshot by Sami Vatanen.
9:46 of 1st period - Shot Blocked by Jordin Tootoo.
10:14 of 1st period - Wrist shot by Eric Staal.
10:14 of 1st period - Shot Blocked by Kurtis Foster.
10:20 of 1st period - Slapshot by David Backes.
10:20 of 1st period - Stopped by Kari Lehtonen with a rebound.
10:48 of 1st period - Snap shot by Eric Staal.
10:48 of 1st period - Stopped by Kari Lehtonen without a rebound.
10:49 of 1st period - Colin Wilson wins face-off versus Robert Nilsson in Canucks zone.
11:16 of 1st period - Christian Folin is hit by James Wright and loses puck.
11:26 of 1st period - Wrist shot by Brad Boyes.
11:26 of 1st period - Shot Misses the Net.
11:49 of 1st period - Slapshot by Derek Meech.
11:49 of 1st period - Deflect By David Ullstrom.
11:49 of 1st period - Shot Blocked by Robert Nilsson.
11:49 of 1st period - Puck is out of play.
11:50 of 1st period - Brooks Laich wins face-off versus Colin Wilson in Canucks zone.
11:59 of 1st period - Slapshot by Robert Nilsson.
11:59 of 1st period - Stopped by Henrik Lundqvist with a rebound.
12:01 of 1st period - Snap shot by Robert Nilsson.
12:01 of 1st period - Stopped by Henrik Lundqvist without a rebound.
12:02 of 1st period - Colin Wilson wins face-off versus Robert Nilsson in Flames zone.
12:14 of 1st period - Snap shot by Loui Eriksson.
12:14 of 1st period - Shot Misses the Net.
12:16 of 1st period - Snap shot by Robert Nilsson.
12:16 of 1st period - Stopped by Henrik Lundqvist without a rebound.
12:17 of 1st period - James Wright wins face-off versus Colin Wilson in Flames zone.
12:28 of 1st period - Backhand shot by Alexander Radulov.
12:28 of 1st period - Stopped by Kari Lehtonen without a rebound.
12:29 of 1st period - Daniel Sedin wins face-off versus Colin Wilson in Canucks zone.
12:36 of 1st period - Snap shot by Colin Wilson.
12:36 of 1st period - Stopped by Kari Lehtonen with a rebound.
12:56 of 1st period - David Backes is hit by Brad Boyes and loses puck.
13:18 of 1st period - Off-side.
13:19 of 1st period - Anders Lee wins face-off versus Rob Schremp in neutral zone.
13:34 of 1st period - Wrist shot by Anders Lee.
13:34 of 1st period - Stopped by Kari Lehtonen with a rebound.
13:46 of 1st period - Brendan Mikkelson is hit by Robert Nilsson and loses puck.
14:11 of 1st period - Slapshot by Alexander Semin.
14:11 of 1st period - Stopped by Kari Lehtonen with a rebound.
14:13 of 1st period - Slapshot by Brendan Mikkelson.
14:13 of 1st period - Deflect By David Backes.
14:13 of 1st period - Stopped by Kari Lehtonen with a rebound.
14:15 of 1st period - Slapshot by Christian Folin.
14:15 of 1st period - Stopped by Kari Lehtonen with a rebound.
14:47 of 1st period - Jonathan Blum is hit by Jimmy Hayes and loses puck.
15:08 of 1st period - Wrist shot by Brad Marchand.
15:08 of 1st period - Shot Blocked by Ladislav Smid.
15:10 of 1st period - Slapshot by Sami Vatanen.
15:10 of 1st period - Shot Misses the Net.
15:12 of 1st period - Snap shot by Colin Wilson.
15:12 of 1st period - Stopped by Kari Lehtonen with a rebound.
15:53 of 1st period - Snap shot by James Wright.
15:53 of 1st period - Shot Misses the Net.
16:35 of 1st period - Colin Wilson is hit by Mike Komisarek and loses puck.
16:52 of 1st period - Slapshot by Eric Staal.
16:52 of 1st period - Stopped by Kari Lehtonen without a rebound.
16:53 of 1st period - Eric Staal wins face-off versus James Wright in Canucks zone.
18:42 of 1st period - Minor Penalty to Mike Komisarek for Interference.
18:43 of 1st period - Eric Staal wins face-off versus Loui Eriksson in Canucks zone.
18:57 of 1st period - Backhand shot by Erik Johnson.
18:57 of 1st period - Deflect By Eric Staal.
18:57 of 1st period - Shot Misses the Net.
18:57 of 1st period - Puck is out of play.
18:58 of 1st period - Eric Staal wins face-off versus Robert Nilsson in Canucks zone.
19:01 of 1st period - Wrist shot by Alexander Semin.
19:01 of 1st period - Shot Misses the Net.
19:09 of 1st period - Wrist shot by Eric Staal.
19:09 of 1st period - Stopped by Kari Lehtonen without a rebound.
19:10 of 1st period - Robert Nilsson wins face-off versus Eric Staal in Canucks zone.
19:14 of 1st period - Off-side.
19:15 of 1st period - Eric Staal wins face-off versus Robert Nilsson in neutral zone.
Goals for this period are 0 for Canucks vs 0 for Flames.
Shots for this period are 9 for Canucks vs 14 for Flames.

2nd period


0:01 of 2nd period - Robert Nilsson wins face-off versus Eric Staal in neutral zone.
0:12 of 2nd period - Backhand shot by Erik Johnson.
0:12 of 2nd period - Shot Misses the Net.
0:36 of 2nd period - Backhand shot by Sami Vatanen.
0:36 of 2nd period - Stopped by Kari Lehtonen with a rebound.
0:42 of 2nd period - Penalty to Mike Komisarek is over, Mike Komisarek is back on ice.
0:52 of 2nd period - Slapshot by David Ullstrom.
0:52 of 2nd period - Shot Blocked by Steve Eminger.
0:54 of 2nd period - Snap shot by Vladimir Sobotka.
0:54 of 2nd period - Stopped by Kari Lehtonen with a rebound.
1:14 of 2nd period - Slapshot by David Backes.
1:14 of 2nd period - Shot Misses the Net.
1:52 of 2nd period - Christian Folin is hit by Jordin Tootoo.
2:51 of 2nd period - Icing by Jordin Tootoo.
2:52 of 2nd period - Rob Schremp wins face-off versus Anders Lee in Canucks zone.
3:25 of 2nd period - Snap shot by Steve Regier.
3:25 of 2nd period - Stopped by Kari Lehtonen with a rebound.
3:37 of 2nd period - Minor Penalty to Jimmy Hayes for Hooking.
3:38 of 2nd period - Robert Nilsson wins face-off versus Vladimir Sobotka in Flames zone.
3:47 of 2nd period - Colby Robak is hit by Steve Eminger and loses puck.
4:04 of 2nd period - Derek Meech is hit by Rob Schremp and loses puck.
4:11 of 2nd period - Slapshot by Rob Schremp.
4:11 of 2nd period - Deflect By Brad Marchand.
4:11 of 2nd period - Shot Misses the Net.
4:11 of 2nd period - Puck is out of play.
4:12 of 2nd period - Daniel Sedin wins face-off versus Colin Wilson in Flames zone.
4:15 of 2nd period - Snap shot by Robert Nilsson.
4:15 of 2nd period - Stopped by Henrik Lundqvist without a rebound.
4:16 of 2nd period - Robert Nilsson wins face-off versus Colin Wilson in Flames zone.
4:43 of 2nd period - Snap shot by Vladimir Sobotka.
4:43 of 2nd period - Stopped by Kari Lehtonen without a rebound.
4:44 of 2nd period - Vladimir Sobotka wins face-off versus Rob Schremp in Canucks zone.
5:37 of 2nd period - Penalty to Jimmy Hayes is over, Jimmy Hayes is back on ice.
6:16 of 2nd period - Mike Komisarek is hit by Alexander Radulov and loses puck.
7:40 of 2nd period - Ryane Clowe is hit by David Ullstrom and loses puck.
8:04 of 2nd period - Daniel Sedin is hit by Brendan Mikkelson and loses puck.
8:19 of 2nd period - Wrist shot by Jeremy Morin.
8:19 of 2nd period - Stopped by Henrik Lundqvist with a rebound.
8:21 of 2nd period - Wrist shot by Jordin Tootoo.
8:21 of 2nd period - Shot Blocked by Alexander Radulov.
8:23 of 2nd period - Slapshot by Jonathan Blum.
8:23 of 2nd period - Shot Blocked by Brendan Mikkelson.
8:25 of 2nd period - Backhand shot by Rob Schremp.
8:25 of 2nd period - Stopped by Henrik Lundqvist with a rebound.
8:35 of 2nd period - Snap shot by Daniel Sedin.
8:35 of 2nd period - Stopped by Henrik Lundqvist without a rebound.
8:36 of 2nd period - Anders Lee wins face-off versus Brooks Laich in Flames zone.
8:41 of 2nd period - Wrist shot by Brooks Laich.
8:41 of 2nd period - Shot Misses the Net.
8:43 of 2nd period - Wrist shot by Jason Akeson.
8:43 of 2nd period - Stopped by Henrik Lundqvist with a rebound.
8:45 of 2nd period - Slapshot by Ladislav Smid.
8:45 of 2nd period - Deflect By Derek Meech.
8:45 of 2nd period - Stopped by Henrik Lundqvist with a rebound.
8:47 of 2nd period - Wrist shot by Jason Akeson.
8:47 of 2nd period - Stopped by Henrik Lundqvist without a rebound.
8:48 of 2nd period - Robert Nilsson wins face-off versus Eric Staal in Flames zone.
9:27 of 2nd period - Wrist shot by Jordin Tootoo.
9:27 of 2nd period - Stopped by Henrik Lundqvist without a rebound.
9:28 of 2nd period - Robert Nilsson wins face-off versus Eric Staal in Flames zone.
9:35 of 2nd period - Snap shot by Eric Staal.
9:35 of 2nd period - Stopped by Kari Lehtonen with a rebound.
9:37 of 2nd period - Wrist shot by David Backes.
9:37 of 2nd period - Goal by David Backes - Canucks : 0 - Flames : 1.
9:38 of 2nd period - Eric Staal wins face-off versus Robert Nilsson in neutral zone.
10:05 of 2nd period - Derek Meech is hit by Jeremy Morin and loses puck.
10:32 of 2nd period - Anders Lee is hit by Andy Rogers and loses puck.
10:33 of 2nd period - Anders Lee from Flames is injured at 10:33 of 2nd period (Strained Left Knee).
10:34 of 2nd period - Robert Nilsson wins face-off versus Eric Staal in Flames zone.
10:35 of 2nd period - Snap shot by Daniel Sedin.
10:35 of 2nd period - Goal by Daniel Sedin - Canucks : 1 - Flames : 1.
10:36 of 2nd period - Alexander Semin wins face-off versus Robert Nilsson in neutral zone.
10:41 of 2nd period - Slapshot by Eric Staal.
10:41 of 2nd period - Stopped by Kari Lehtonen without a rebound.
10:42 of 2nd period - Eric Staal wins face-off versus Robert Nilsson in Canucks zone.
10:45 of 2nd period - Snap shot by David Backes.
10:45 of 2nd period - Shot Blocked by Loui Eriksson.
11:11 of 2nd period - Wrist shot by Brad Marchand.
11:11 of 2nd period - Shot Blocked by Rob Schremp.
11:13 of 2nd period - Wrist shot by Alexander Radulov.
11:13 of 2nd period - Stopped by Kari Lehtonen without a rebound.
11:14 of 2nd period - Colin Wilson wins face-off versus Rob Schremp in Canucks zone.
11:32 of 2nd period - Off-side.
11:33 of 2nd period - Robert Nilsson wins face-off versus Eric Staal in neutral zone.
11:36 of 2nd period - Eric Staal is hit by Robert Nilsson and loses puck.
11:59 of 2nd period - Steve Eminger is hit by Brad Marchand and loses puck.
12:27 of 2nd period - Off-side.
12:28 of 2nd period - Robert Nilsson wins face-off versus Colin Wilson in neutral zone.
12:44 of 2nd period - Snap shot by Brad Marchand.
12:44 of 2nd period - Stopped by Kari Lehtonen without a rebound.
12:45 of 2nd period - Eric Staal wins face-off versus Rob Schremp in Canucks zone.
13:23 of 2nd period - Wrist shot by Alexander Radulov.
13:23 of 2nd period - Stopped by Kari Lehtonen with a rebound.
13:38 of 2nd period - Off-side.
13:39 of 2nd period - Alexander Semin wins face-off versus James Wright in neutral zone.
13:44 of 2nd period - Wrist shot by Jimmy Hayes.
13:44 of 2nd period - Stopped by Kari Lehtonen with a rebound.
13:46 of 2nd period - Snap shot by Alexander Semin.
13:46 of 2nd period - Shot Blocked by Jonathan Blum.
13:48 of 2nd period - Slapshot by Alexander Semin.
13:48 of 2nd period - Stopped by Kari Lehtonen with a rebound.
14:04 of 2nd period - Colin Wilson is hit by Jonathan Blum.
14:12 of 2nd period - Snap shot by Loui Eriksson.
14:12 of 2nd period - Shot Blocked by Alexander Radulov.
14:14 of 2nd period - Wrist shot by Daniel Sedin.
14:14 of 2nd period - Stopped by Henrik Lundqvist with a rebound.
14:16 of 2nd period - Slapshot by Kurtis Foster.
14:16 of 2nd period - Stopped by Henrik Lundqvist with a rebound.
14:26 of 2nd period - Slapshot by Sami Vatanen.
14:26 of 2nd period - Stopped by Kari Lehtonen without a rebound.
14:27 of 2nd period - Rob Schremp wins face-off versus David Ullstrom in Canucks zone.
14:32 of 2nd period - Snap shot by Rob Schremp.
14:32 of 2nd period - Shot Misses the Net.
14:34 of 2nd period - Snap shot by Jordin Tootoo.
14:34 of 2nd period - Deflect By Kyle Palmieri.
14:34 of 2nd period - Stopped by Henrik Lundqvist with a rebound.
14:36 of 2nd period - Slapshot by Rob Schremp.
14:36 of 2nd period - Shot Misses the Net.
14:44 of 2nd period - Snap shot by Rob Schremp.
14:44 of 2nd period - Stopped by Henrik Lundqvist with a rebound.
15:24 of 2nd period - Snap shot by Jordin Tootoo.
15:24 of 2nd period - Shot Blocked by Derek Meech.
15:26 of 2nd period - Snap shot by Rob Schremp.
15:26 of 2nd period - Shot Misses the Net.
15:28 of 2nd period - Slapshot by Jeremy Morin.
15:28 of 2nd period - Stopped by Henrik Lundqvist with a rebound.
15:30 of 2nd period - Slapshot by Rob Schremp.
15:30 of 2nd period - Shot Blocked by Derek Meech.
15:32 of 2nd period - Wrist shot by Jeremy Morin.
15:32 of 2nd period - Stopped by Henrik Lundqvist without a rebound.
15:33 of 2nd period - Eric Staal wins face-off versus Robert Nilsson in Flames zone.
15:46 of 2nd period - Snap shot by Daniel Sedin.
15:46 of 2nd period - Shot Misses the Net.
15:48 of 2nd period - Wrist shot by Daniel Sedin.
15:48 of 2nd period - Goal by Daniel Sedin - Canucks : 2 - Flames : 1.
15:49 of 2nd period - Robert Nilsson wins face-off versus Eric Staal in neutral zone.
15:57 of 2nd period - Steve Eminger is hit by David Backes and loses puck.
16:04 of 2nd period - Wrist shot by Eric Staal.
16:04 of 2nd period - Stopped by Kari Lehtonen without a rebound.
16:05 of 2nd period - Robert Nilsson wins face-off versus Colin Wilson in Canucks zone.
16:47 of 2nd period - Snap shot by David Backes.
16:47 of 2nd period - Shot Misses the Net.
17:44 of 2nd period - Jonathan Blum is hit by Sami Vatanen and loses puck.
18:08 of 2nd period - Icing by Jordin Tootoo.
18:09 of 2nd period - David Ullstrom wins face-off versus Rob Schremp in Canucks zone.
18:31 of 2nd period - Snap shot by Jeremy Morin.
18:31 of 2nd period - Stopped by Henrik Lundqvist with a rebound.
18:41 of 2nd period - Backhand shot by Rob Schremp.
18:41 of 2nd period - Shot Blocked by Jimmy Hayes.
19:07 of 2nd period - Wrist shot by Jeremy Morin.
19:07 of 2nd period - Stopped by Henrik Lundqvist without a rebound.
19:08 of 2nd period - Robert Nilsson wins face-off versus Eric Staal in Flames zone.
19:36 of 2nd period - Ryane Clowe is hit by Alexander Radulov and loses puck.
19:47 of 2nd period - Slapshot by James Wright.
19:47 of 2nd period - Stopped by Henrik Lundqvist with a rebound.
19:49 of 2nd period - Slapshot by Steve Eminger.
19:49 of 2nd period - Stopped by Henrik Lundqvist without a rebound.
19:50 of 2nd period - Eric Staal wins face-off versus Robert Nilsson in Flames zone.
19:50 of 2nd period - Eric Staal is hit by Andy Rogers.
19:59 of 2nd period - Minor Penalty to Robert Nilsson for Roughing.
Goals for this period are 2 for Canucks vs 1 for Flames.
Shots for this period are 20 for Canucks vs 14 for Flames.
Goals for this period are 2 for Canucks vs 1 for Flames.
Shots for this period are 20 for Canucks vs 14 for Flames.

3rd period


0:01 of 3rd period - James Wright wins face-off versus Eric Staal in neutral zone.
0:16 of 3rd period - Wrist shot by James Wright.
0:16 of 3rd period - Shot Misses the Net.
0:50 of 3rd period - Alexander Semin is hit by Daniel Sedin and loses puck.
1:59 of 3rd period - Penalty to Robert Nilsson is over, Robert Nilsson is back on ice.
2:12 of 3rd period - Jonathan Blum is hit by Brendan Mikkelson and loses puck.
4:04 of 3rd period - Colby Robak is hit by Jason Akeson and loses puck.
4:31 of 3rd period - Alexander Semin is hit by Ryane Clowe.
4:45 of 3rd period - Jimmy Hayes is hit by Daniel Sedin and loses puck.
5:07 of 3rd period - Icing by Vladimir Sobotka.
5:08 of 3rd period - Vladimir Sobotka wins face-off versus Brad Boyes in Flames zone.
5:13 of 3rd period - Brad Boyes is hit by Colin Wilson and loses puck.
5:32 of 3rd period - Sami Vatanen is hit by Loui Eriksson.
5:57 of 3rd period - Jeremy Morin is hit by Jimmy Hayes.
6:15 of 3rd period - Slapshot by Kyle Palmieri.
6:15 of 3rd period - Stopped by Kari Lehtonen without a rebound.
6:16 of 3rd period - James Wright wins face-off versus Vladimir Sobotka in Canucks zone.
6:36 of 3rd period - Minor Penalty to Erik Johnson for Roughing.
6:37 of 3rd period - Robert Nilsson wins face-off versus Vladimir Sobotka in Flames zone.
6:45 of 3rd period - Wrist shot by Robert Nilsson.
6:45 of 3rd period - Stopped by Henrik Lundqvist with a rebound.
8:10 of 3rd period - Sami Vatanen is hit by Jordin Tootoo and loses puck.
8:36 of 3rd period - Penalty to Erik Johnson is over, Erik Johnson is back on ice.
9:09 of 3rd period - David Ullstrom is hit by Robert Nilsson and loses puck.
10:54 of 3rd period - Jonathan Blum is hit by Steve Regier and loses puck.
11:06 of 3rd period - Icing by Jason Akeson.
11:07 of 3rd period - Eric Staal wins face-off versus Rob Schremp in Canucks zone.
11:14 of 3rd period - Rob Schremp is hit by David Backes and loses puck.
11:21 of 3rd period - Snap shot by Mike Komisarek.
11:21 of 3rd period - Stopped by Henrik Lundqvist without a rebound.
11:22 of 3rd period - Colin Wilson wins face-off versus James Wright in Flames zone.
11:24 of 3rd period - Minor Penalty to Alexander Radulov for High sticking.
11:25 of 3rd period - Robert Nilsson wins face-off versus Colin Wilson in Flames zone.
11:27 of 3rd period - Slapshot by Robert Nilsson.
11:27 of 3rd period - Shot Blocked by Sami Vatanen.
11:35 of 3rd period - Snap shot by Loui Eriksson.
11:35 of 3rd period - Goal by Loui Eriksson - Canucks : 3 - Flames : 1.
11:36 of 3rd period - Robert Nilsson wins face-off versus Eric Staal in neutral zone.
11:50 of 3rd period - Slapshot by Daniel Sedin.
11:50 of 3rd period - Shot Misses the Net.
12:32 of 3rd period - Wrist shot by Vladimir Sobotka.
12:32 of 3rd period - Shot Misses the Net.
12:48 of 3rd period - Vladimir Sobotka is hit by Kurtis Foster and loses puck.
13:17 of 3rd period - Sami Vatanen is hit by Rob Schremp and loses puck.
13:39 of 3rd period - Snap shot by Brad Marchand.
13:39 of 3rd period - Deflect By Alexander Radulov.
13:39 of 3rd period - Stopped by Kari Lehtonen with a rebound.
13:44 of 3rd period - Minor Penalty to James Wright for Interference.
13:45 of 3rd period - Robert Nilsson wins face-off versus Eric Staal in Canucks zone.
14:24 of 3rd period - Steve Eminger is hit by Colby Robak and loses puck.
15:42 of 3rd period - Jeremy Morin is hit by David Ullstrom and loses puck.
15:44 of 3rd period - Penalty to James Wright is over, James Wright is back on ice.
16:33 of 3rd period - David Backes is hit by Brad Boyes.
16:39 of 3rd period - Wrist shot by David Backes.
16:39 of 3rd period - Deflect By Steve Regier.
16:39 of 3rd period - Stopped by Kari Lehtonen without a rebound.
16:40 of 3rd period - Rob Schremp wins face-off versus Colin Wilson in Canucks zone.
18:50 of 3rd period - Alexander Radulov is hit by Steve Eminger and loses puck.
19:52 of 3rd period - Brad Boyes is hit by Kyle Palmieri and loses puck.
Goals for this period are 1 for Canucks vs 0 for Flames.
Shots for this period are 3 for Canucks vs 3 for Flames.